 Dungeon Crawl Stone Soup version 0.21-a0-55-gb612c23 (webtiles) character file.

174 MackTheKnife the Charmwright (level 5, 0/42 HPs)
             Began as a Gnoll Skald on June 15, 2017.
             Slain by a gnoll
             ... wielding a +0 halberd of venom
              (15 damage)
             ... on level 3 of the Dungeon.
             The game lasted 00:04:44 (2810 turns).

MackTheKnife the Charmwright (Gnoll Skald)          Turns: 2810, Time: 00:04:45

Health: 0/42       AC:  5    Str: 11    XL:     5   Next: 54%
Magic:  11/13      EV: 13    Int: 14    God:
Gold:   28         SH:  0    Dex: 13    Spells: 6/15 levels left

rFire    . . .     SeeInvis .   f - +0 whip (distort) {!w}
rCold    . . .     Gourm    .   (no shield)
rNeg     . . .     Faith    .   b - +0 leather armour
rPois    .         Spirit   .   (no helmet)
rElec    .         Reflect  .   d - +1 cloak
rCorr    +         Harm     .   (no gloves)
MR       .....     Rnd*Rage +   (no boots)
Stlth    +.........             (no amulet)
HPRegen  0.14/turn              e - ring of resist corrosion
MPRegen  0.13/turn              (no ring)

@: lethally poisoned (0 -> -26)
A: short attention span, fangs 1, berserk 1, wild magic 1, evolution 1, strong
nose
a: no special abilities


You were on level 3 of the Dungeon.
You were not hungry.

You visited 1 branch of the dungeon, and saw 3 of its levels.
You also visited: Sewer.

You collected 28 gold pieces.

Inventory:

Hand Weapons
 a - a +1 dagger of draining
   (You took it off a kobold in a sewer)
 f - a +0 whip of distortion (weapon) {!w}
   (You took it off a kobold in a sewer)
Armour
 b - a +0 leather armour (worn)
 d - a +1 cloak (worn)
   (You found it on level 3 of the Dungeon)
 n - a +0 shield
   (You found it in a sewer)
Jewellery
 e - a ring of resist corrosion (left hand)
   (You found it on level 1 of the Dungeon)
Scrolls
 i - 2 scrolls of remove curse
 o - a scroll of blinking {!r}
 p - a scroll of identify
Potions
 h - a potion of might {unknown}
 k - 4 potions of heal wounds
 l - 2 potions of flight {unknown}
 m - 4 potions of curing
Books
 c - a book of Battle
Comestibles
 g - 3 fruits
 j - 3 meat rations {@e2}
 q - a bread ration {@e1}


   Skills:
 - Level 3.8 Fighting
 + Level 5.4 Maces & Flails
 - Level 1.7 Armour
 - Level 3.2 Dodging
 + Level 5.7 Spellcasting
 + Level 3.0 Hexes
 + Level 6.0 Charms


You had 6 spell levels left.
You knew the following spells:

 Your Spells              Type           Power        Failure   Level  Hunger
a - Infusion              Chrm           ####         3%          1    None
r - Regeneration          Chrm/Necr      ###.......   26%         3    ###....
s - Song of Slaying       Chrm           ####....     4%          2    #......
z - Spectral Weapon       Hex/Chrm       ###.....     14%         3    ###....


Dungeon Overview and Level Annotations

Branches:
Dungeon (3/15)

Altars:
Trog

Annotations:
D:2 Crazy Yiuf


Innate Abilities, Weirdness & Mutations

You have a short attention span.
You have very sharp teeth.
Your uncanny sense of smell can sniff out nearby items.
You tend to lose your temper in combat.
Your spells are a little harder to cast, but a little more powerful.
You evolve.


Message History

There is a gate leading back out of this place here.
l - 2 fizzy ruby potions (gained 1)
There is a gate leading back out of this place here.
Welcome back to the Dungeon!
There is a collapsed entrance here.
You enter the shallow water.
Moving in this stuff is going to be slow.
You now have 21 gold pieces (gained 9).
A hobgoblin comes into view.
A hobgoblin is nearby!
A hobgoblin is nearby!
The hobgoblin hits you but does no damage.
You hit the hobgoblin.
Space bends around the hobgoblin.
You kill the hobgoblin!
No target in view!
No target in view!
You see here a hobgoblin corpse.
o - a scroll of blinking {!r}
p - a scroll of identify
q - a bread ration {@e1} You open the door.
There is an open door here.
A hobgoblin comes into view. It is wielding a spear.
The hobgoblin hits you from afar with a spear.
You see here a mace.
You take 4 damage, and have 38/42 hp.
The hobgoblin hits you but does no damage.
You hit the hobgoblin.
Space warps horribly around the hobgoblin!
You kill the hobgoblin!
Your Hexes skill increases to level 3!
No target in view!
No target in view!
Found an escape hatch in the ceiling.
You regained 2 hp, and now have 40/42 hp.
Found a stone staircase leading down.
There is a stone staircase leading down here.
You now have 28 gold pieces (gained 7).
You open the door.
There is an open door here.
A rat and a gnoll come into view.
The gnoll shouts!
The gnoll throws a throwing net.
The throwing net hits you.
You become entangled in the net!
A gnoll comes into view. It is wielding a club.
Things that are here:
a throwing net {=f, !d}; a scroll of identify; Health restored: 42 You tear a large gash into the net.
The gnoll shouts!
A gnoll comes into view.
You struggle against the net.
The gnoll shouts!
You rip the net and break free!
There is an open door here.
There is a stone staircase leading down here.
A gnoll comes into view. It is wielding a halberd of venom.
The gnoll shouts!
You hit the rat.
You kill the rat!
You hit the gnoll.
Space bends around the gnoll.
The gnoll hits you.
You take 4 damage, and have 38/42 hp.
You hit the gnoll but do no damage.
The gnoll disappears!
There is a stone staircase leading down here.
You draw out your weapon's spirit!
You now have 10/13 mp.
You whack the gnoll!
The gnoll disappears!
The gnoll closely misses you. The gnoll barely misses you.
You hit the gnoll.
Space warps horribly around the gnoll!
You kill the gnoll!
The gnoll hits you from afar with a halberd of venom.
You are poisoned.
You take 3 damage, and have 36/42 hp.
You feel sick.
Things that are here:
a club; a gnoll corpse; a rat corpse You take 1 damage, and have 35/42 hp.
You hit the gnoll.
The gnoll looks slightly unstable.
You feel sick. The gnoll barely misses you.
You take 1 damage, and have 34/42 hp.
You barely miss the gnoll. Your bite misses the gnoll. The gnoll misses you.
You hit the gnoll.
The gnoll seems more stable.
You feel sick. The gnoll closely misses you.
You barely miss the gnoll. You hit the gnoll.
Space bends around the gnoll.
Your bite misses the gnoll.
You feel sick.
The gnoll hits you with a halberd of venom!
You are more poisoned.
You take 11 damage, and have 23/42 hp.
MASSIVE DAMAGE!!
You barely miss the gnoll.
You feel sick. The gnoll barely misses you.
You take 1 damage, and have 22/42 hp.
You hit the gnoll.
Space bends around the gnoll.
You feel sick.
You take 1 damage, and have 21/42 hp.
You closely miss the gnoll.
You feel sick.
The gnoll hits you with a halberd of venom.
You are lethally poisoned!
You take 4 damage, and have 17/42 hp.
You closely miss the gnoll.
You feel sick.
The gnoll hits you with a halberd of venom!
You die...

.#.#.#.#.#.......#....#...#..#.
.#.#<#.#.#..#.#.##.........##.
.#.#.#.###.#.# ##.....#####.
.#)#.# #...# ...#### ## .#.#
##..# ... #.# #..# .. .. #.>#
##(# #@# ##g#+######
#..?....!.# #.....[...#
#.........# #.........#
..........# ............
.g...####....


You could see a gnoll and a friendly spectral whip of distortion {!w}.

Vanquished Creatures
  A big kobold (Sewer)
  A gnoll (D:3)
  An adder (D:2)
  An ooze (Sewer)
  4 worms
  3 dart slugs (D:1)
  3 ball pythons
  4 bats
  4 giant cockroaches
  3 goblins (D:1)
  8 hobgoblins
  3 jackals (D:1)
  5 frilled lizards
  19 kobolds
  8 rats
68 creatures vanquished.

Notes
Turn   | Place    | Note
-------+----------+-------------------------------------------
     0 | D:1      | MackTheKnife the Gnoll Skald began the quest for the Orb.
     0 | D:1      | Reached XP level 1. HP: 18/18 MP: 5/5
   132 | D:1      | Reached skill level 5 in Charms
   258 | D:1      | Reached XP level 2. HP: 19/24 MP: 6/6
   259 | D:1      | Reached skill level 4 in Spellcasting
   380 | D:1      | Learned a level 2 spell: Song of Slaying
   650 | D:1      | Reached skill level 4 in Maces & Flails
   949 | D:1      | Reached XP level 3. HP: 29/29 MP: 8/8
  1488 | D:2      | Found a bloodstained altar of Trog.
  1680 | D:2      | Found a runed door.
  1969 | D:2      | Reached XP level 4. HP: 35/37 MP: 4/10
  1974 | D:2      | Learned a level 3 spell: Spectral Weapon
  2019 | D:2      | Reached skill level 6 in Charms
  2126 | D:2      | Noticed Crazy Yiuf
  2128 | D:2      | Gained mutation: You tend to lose your temper in combat. [potion of mutation]
  2128 | D:2      | Gained mutation: Your spells are a little harder to cast, but a little more powerful. [potion of mutation]
  2128 | D:2      | Gained mutation: You evolve. [potion of mutation]
  2205 | D:3      | Found a glowing drain.
  2299 | Sewer    | Entered a sewer
  2316 | Sewer    | Reached skill level 1 in Hexes
  2504 | Sewer    | Noticed a big kobold
  2522 | Sewer    | Killed a big kobold
  2522 | Sewer    | Reached skill level 5 in Maces & Flails
  2522 | Sewer    | Reached skill level 5 in Spellcasting
  2522 | Sewer    | Reached skill level 2 in Hexes
  2522 | Sewer    | Reached XP level 5. HP: 40/42 MP: 10/12
  2550 | Sewer    | Learned a level 3 spell: Regeneration
  2759 | D:3      | Reached skill level 3 in Hexes
  2810 | D:3      | Slain by a gnoll

Vault maps used:
D:1:      lemuel_arrival_funnel
D:2:      trog_three_pillars_becter, uniq_crazy_yiuf_cottage
D:3:      first_bread, cheibrodos_sewer_entry_drain, serial_bayou_pond_d,
          kennysheep_generic_room_5
Sewer:    kennysheep_pipe_town

Skill      XL: |  1  2  3  4  5 |
---------------+----------------+-----
Charms         | 5 6 |  6.0
Spellcasting   | 4 5 |  5.7
Maces & Flails | 4 5 |  5.4
Hexes          | 2 3 |  3.0
Fighting       | |  3.8
Armour         | |  1.7
Dodging        | |  3.2

Action                   |  1- 3 |  4- 6 || total
-------------------------+-------+-------++-------
Melee: Mace              |   134 |    36 ||   170
       Bite              |     7 |     7 ||    14
       Whip              |       |    56 ||    56
 Cast: Infusion          |     3 |       ||     3
       Spectral Weapon   |       |     3 ||     3
  Use: Scroll            |     2 |     4 ||     6
       Potion            |       |     3 ||     3
  Eat: Chunk             |     2 |       ||     2
       Bread ration      |     1 |       ||     1
Armor: Leather armour    |    35 |    26 ||    61
Dodge: Dodged            |    94 |    73 ||   167

Vault maps used:
D:1:      lemuel_arrival_funnel
D:2:      trog_three_pillars_becter, uniq_crazy_yiuf_cottage
D:3:      first_bread, cheibrodos_sewer_entry_drain, serial_bayou_pond_d,
          kennysheep_generic_room_5
Sewer:    kennysheep_pipe_town

Table legend:
 A = Turns spent in this place as a percentage of turns spent in the entire game.
 B = Non-inter-level travel turns spent in this place as a percentage of non-inter-level travel turns spent in the entire game.
 C = Inter-level travel turns spent in this place as a percentage of turns spent in this place.
 D = Turns resting spent in this place as a percentage of non-inter-level travel turns spent in this place.
 E = Turns spent auto-exploring this place as a percentage of non-inter-level travel turns spent in this place.
 F = Non-inter-level travel turns spent in this place divided by the number of levels of this place that you've seen.
                   A       B       C       D       E      F
               +-------+-------+-------+-------+-------+----------------------
         Total | 100.0 | 100.0 |   0.1 |   4.8 |  10.4 | 194.0
       Dungeon |  75.5 |  75.5 |   0.2 |   4.3 |  11.4 | 195.3
         Sewer |  24.5 |  24.5 |   0.0 |   6.3 |   7.4 | 190.0
               +-------+-------+-------+-------+-------+----------------------

Table legend:
 A = Kills in this place as a percentage of kills in entire the game.
 B = Kills by you in this place as a percentage of kills by you in the entire game.
 C = Kills by friends in this place as a percentage of kills by friends in the entire game.
 D = Other kills in this place as a percentage of other kills in the entire game.
 E = Experience gained in this place as a percentage of experience gained in the entire game.
 F = Experience gained in this place divided by the number of levels of this place that you have seen.
                   A       B       C       D       E      F
               +-------+-------+-------+-------+-------+----------------------
         Total | 100.0 | 100.0 |  -nan |  -nan | 100.0 |  62.2
       Dungeon |  66.2 |  66.2 |  -nan |  -nan |  46.6 |  38.7
         Sewer |  33.8 |  33.8 |  -nan |  -nan |  53.4 | 133.0
               +-------+-------+-------+-------+-------+----------------------
